 Dungeon Crawl Stone Soup version 0.29.1-15-g9cfb28693d (webtiles) character file.

Game seed: 9482724898249028037

169 KyoPewz the Shooter (level 5, 0/46 HPs)
             Began as a Deep Elf Hunter on Feb 26, 2023.
             Slain by Grinder (2 damage)
             ... while paralysed by Grinder
             ... on level 3 of the Dungeon.
             The game lasted 00:08:55 (2976 turns).

KyoPewz the Shooter (Deep Elf Hunter)               Turns: 2976, Time: 00:08:55

Health: 0/46       AC: 22    Str: 10    XL:     5   Next: 25%
Magic:  16/16      EV:  2    Int: 14    God:
Gold:   172        SH:  0    Dex: 18    Spells: 4/4 levels left

rFire   . . .      SeeInvis .   a - +0 shortbow
rCold   . . .      Faith    .   (shield currently unavailable)
rNeg    . . .      Spirit   .   (body armour currently unavailable)
rPois   +          Reflect  +   (helmet currently unavailable)
rElec   .          Harm     .   (cloak currently unavailable)
rCorr   .          Rampage  .   (gloves currently unavailable)
Will    .....      NoTele   +   (boots currently unavailable)
Stlth   ++........              l - amulet of reflection
HPRegen 0.15/turn               m - ring of magical power
MPRegen 0.15/turn               (no ring)

@: paralysed, tree-form
A: stationary, stasis, torment immunity, boosted hp
a: no special abilities


You were on level 3 of the Dungeon.
You were a tree.
You visited 1 branch of the dungeon, and saw 3 of its levels.

You collected 172 gold pieces.

Inventory:

Hand Weapons
 a - a +0 shortbow (weapon)
 b - a +0 dagger of speed
 w - a +1 dagger of venom
Armour
 c - a +0 leather armour (melded)
 r - a +0 scale mail
 t - a +0 pair of boots (melded)
 x - a +0 chain mail
 y - a +2 helmet (melded)
Jewellery
 l - an amulet of reflection (around neck)
 m - a ring of magical power (left branch)
Scrolls
 d - a scroll of immolation
 e - a scroll of teleportation {unknown}
 f - a scroll of amnesia {unknown}
 g - 2 scrolls of fog {unknown}
 h - a scroll of blinking {unknown}
 n - a scroll of vulnerability {unknown}
 q - a scroll of torment {unknown}
 u - a scroll of identify {unknown}
Potions
 i - a potion of brilliance {unknown}
 j - a potion of heal wounds
 o - a potion of curing {unknown}
 p - 2 potions of mutation {unknown}
 s - a potion of flight {unknown}
 v - a potion of might {unknown}


   Skills:
 + Level 2.7 Fighting
 * Level 7.4 Ranged Weapons
 - Level 2.9 Dodging
 - Level 2.0 Stealth


You had 4 spell levels left.
You didn't know any spells.
Your spell library was empty.

Dungeon Overview and Level Annotations

Branches:
Dungeon (3/15)

Altars:

Annotations:
D:3 Grinder


Message History

You can move again.
Fire: a) +0 shortbow
Press: ? - help, Q - select action Shift-Dir - straight line, f/p - Grinder
Aim: Grinder (heavily wounded, 62% to hit)
You shoot an arrow. The arrow barely misses Grinder.
You block Grinder's attack. Grinder barely misses you.
Fire: a) +0 shortbow
Press: ? - help, Q - select action Shift-Dir - straight line, f/p - Grinder
Aim: Grinder (heavily wounded, 62% to hit)
You shoot an arrow. The arrow hits Grinder!
Grinder is severely wounded.
Grinder hits you.
* * * LOW HITPOINT WARNING * * *
Fire: a) +0 shortbow
Press: ? - help, Q - select action Shift-Dir - straight line, f/p - Grinder
Aim: Grinder (severely wounded, 62% to hit)
You shoot an arrow. The arrow hits Grinder.
Grinder is almost dead.
Grinder gestures at you.
You suddenly lose the ability to move!
Grinder hits you but does no damage. x2
You can move again.
Fire: a) +0 shortbow
Press: ? - help, Q - select action Shift-Dir - straight line, f/p - Grinder
Aim: Grinder (almost dead, 62% to hit)
You shoot an arrow. The arrow hits Grinder.
Grinder is almost dead.
Grinder hits you but does no damage.
Fire: a) +0 shortbow
Press: ? - help, Q - select action Shift-Dir - straight line, f/p - Grinder
Aim: Grinder (almost dead, 62% to hit)
You shoot an arrow. The arrow closely misses Grinder.
Grinder gestures at you.
You suddenly lose the ability to move!
Grinder hits you but does no damage.
Grinder drinks a potion.
Grinder is healed!
Grinder hits you!
* * * LOW HITPOINT WARNING * * *
You writhe in agony.
You die...

############.#####
.............<...#
...)............>#
###########.#.##.#
# #.#.##.# #####
##.#.##.# # .....
...#.##.# .# .....
.....##.#..# .....
.......♣5..# #####
####.##...## ##
#.##....# ..
...)... ##
.##..### #. ... #.
...# #. .#+#


You could see Grinder.

Vanquished Creatures
  Robin (D:2)
  4 gnolls
  3 adders
  A worm (D:2)
  2 dart slugs
  5 orcs
  5 endoplasms
  A giant cockroach (D:2)
  20 goblins
  5 hobgoblins
  4 jackals (D:1)
  3 quokkas
  5 ball pythons (D:1)
  6 bats
  2 frilled lizards
  6 kobolds
  5 rats
78 creatures vanquished.

Notes
Turn   | Place    | Note
-------+----------+-------------------------------------------
     0 | D:1      | KyoPewz the Deep Elf Hunter began the quest for the Orb.
     0 | D:1      | Reached XP level 1. HP: 12/12 MP: 3/3
   242 | D:1      | Reached XP level 2. HP: 17/17 MP: 4/4
   588 | D:1      | Reached XP level 3. HP: 15/21 MP: 5/5
   713 | D:1      | Reached skill level 6 in Ranged Weapons
   919 | D:1      | Found a faded altar of an unknown god.
  1427 | D:2      | Reached XP level 4. HP: 17/26 MP: 6/6
  1531 | D:2      | Noticed Robin
  1819 | D:2      | Reached skill level 7 in Ranged Weapons
  2360 | D:2      | Reached XP level 5. HP: 29/31 MP: 7/7
  2516 | D:2      | Killed Robin
  2961 | D:3      | Noticed Grinder
  2965 | D:3      | Paralysed by Grinder for 2 turns
  2969 | D:3      | Paralysed by Grinder for 3 turns
  2973 | D:3      | Paralysed by Grinder for 4 turns
  2976 | D:3      | HP: 2/46 [Grinder (8)]
  2976 | D:3      | Slain by Grinder

Illustrated notes

Levels and vault maps discovered:
D:1:      sevenhm_arrival_forest_fort_small_6, layout_rooms,
          shapermc_ecumenical_altar_notcrosses, st_stairs_5
D:2:      wander_river, layout_rooms, uniq_robin
D:3:      gammafunk_wand_slinger, layout_basic, minmay_tree_intersection,
          minmay_fractal_squares_5, uniq_grinder

Skill      XL: |  1  2  3  4 |
---------------+-------------+-----
Stealth        | 2 |  2.0
Fighting       | 2 |  2.7
Ranged Weapons | 6 7 |  7.4
Dodging        | |  2.9

Action                   |  1- 3 |  4- 6 || total
-------------------------+-------+-------++-------
 Fire: Shortbow          |    92 |   156 ||   248
  Use: Potion            |       |     2 ||     2
Armor: Leather armour    |    24 |     8 ||    32
       Skin              |       |    11 ||    11
Dodge: Dodged            |    38 |    35 ||    73
Block: Other             |       |    14 ||    14
       Reflection        |       |     1 ||     1
